 Dungeon Crawl Stone Soup version 0.30.1-4-g462c640d31 (webtiles) character file.

Game seed: 16808269355204163996

1591 fdsf the Grappler (level 8, 0/109 HPs)
             Began as a Hill Orc Berserker on Aug 10, 2023.
             Was a Believer of Trog.
             Slain by an orc wizard
             ... wielding a +0 dagger
              (5 damage)
             ... on level 6 of the Dungeon.
             The game lasted 00:13:07 (5954 turns).

fdsf the Grappler (Hill Orc Berserker)              Turns: 5954, Time: 00:13:08

Health: 0/109      AC: -5    Str: 26    XL:     8   Next: 93%
Magic:  8/8        EV: 12    Int: 10    God:    Trog [**....]
Gold:   334        SH:  0    Dex: 13    Spells: 7/7 levels left

rFire   . .          .
                       - Unarmed
rCold   x . .        (no shield)
rNeg    . . .        n - +1 scale mail of Uzysanom {rC- Str+6}
rPois   .            (no helmet)
rElec   .            (no cloak)
rCorr   .            i - +2 pair of gloves
SInv    .            (no boots)
Will    ++...        (no amulet) Stlth
                     (no ring)
HPRegen 1.38/turn    (no ring)
MPRegen 0.11/turn

%: clarity
@: berserking (expiring), strong-willed, corroded, regenerating, very quick
A: agile 1, clarity, clever 1
a: Renounce Religion, Berserk, Trog's Hand


You were on level 6 of the Dungeon.
You worshipped Trog.
Trog was pleased with you.
You visited 1 branch of the dungeon, and saw 6 of its levels.

You collected 334 gold pieces.

Inventory:

Armour
 a - a +0 animal skin
 i - a +2 pair of gloves (worn)
 n - the +1 scale mail of Uzysanom (worn) {rC- Str+6}
   (You found it on level 5 of the Dungeon)

   Str:       It affects your strength (+6).
   rC:        It makes you vulnerable to cold.
Jewellery
 b - a ring of positive energy
 g - an amulet of regeneration
Scrolls
 c - 2 scrolls of identify
 d - a scroll of poison {unknown}
 e - a scroll of brand weapon {unknown}
 h - a scroll of blinking {unknown}
 k - a scroll of immolation {unknown}
 p - a scroll of magic mapping {unknown}
Potions
 f - 2 potions of degeneration {unknown}
 j - a potion of lignification {unknown}
 l - a potion of magic
 m - a potion of cancellation {unknown}
 o - 2 potions of brilliance {unknown}


   Skills:
 + Level 7.4 Fighting
 - Level 2.1 Armour
 + Level 4.7 Dodging
 * Level 9.1 Unarmed Combat


You had 7 spell levels left.
You didn't know any spells.
Your spell library was empty.

Dungeon Overview and Level Annotations

Branches:
Dungeon (6/15)
 Temple: D:4-7

Altars:
Cheibriados
Ru
Wu Jian
Xom

Shops:
D:3 (


Innate Abilities, Weirdness & Mutations

You are agile. (Dex +4, Str/Int -1)
You possess an exceptional clarity of mind.
Your mind is acute. (Int +4, Str/Dex -1)


Message History

You barely miss the orc priest.
The orc priest is almost dead.
The orc wizard casts a spell at you. The puff of flame hits you!
* * * LOW HITPOINT WARNING * * *
The orc priest hits you with a +0 hand axe.
* * * LOW HITPOINT WARNING * * *
The orc priest shouts, "Surrender to Beogh and we'll let you live!"
You hit the orc priest but do no damage.
The orc priest shouts, "Join the one true god or die!"
The orc priest is almost dead.
You punch the orc priest!
You kill the orc priest!
Trog accepts your kill. The orc wizard barely misses you.
You closely miss the orc wizard.
You hit the orc wizard but do no damage.
The orc wizard hits you with a +0 dagger.
* * * LOW HITPOINT WARNING * * *
The orc hits you with a +0 dagger.
* * * LOW HITPOINT WARNING * * *
You are too berserk!
You are too berserk!
You are too berserk!
You punch the orc wizard!
The orc wizard is heavily wounded.
You hit the orc wizard.
The orc wizard is almost dead.
The orc wizard mumbles some strange words.
The orc wizard flickers and vanishes!
Deactivating autopickup; reactivate with Ctrl-A.
The orc hits you with a +0 dagger.
* * * LOW HITPOINT WARNING * * *
Autopickup is now on.
Deactivating autopickup; reactivate with Ctrl-A.
You hit something but do no damage. Something barely misses you.
The orc barely misses you.
You closely miss something. You hit something but do no damage.
Something hits you.
You die...

############
#.{@.......#########
#.o#######..........
##. ########### ##
#### ..# ########
#.####..[..##
#..##).......
##)#.<.......
#...........


You could see an orc.

Vanquished Creatures
  Pikel (D:6)
  Grinder (D:5)
  Eustachio (D:5)
  A water moccasin (D:6)
  2 lemures (D:5)
  A kobold brigand (D:5)
  2 scorpions (D:6)
  3 jellies
  2 orc priests
  A hound (D:5)
  2 iguanas (D:4)
  An orc wizard (D:4)
  Natasha (twice) (D:3)
  3 gnolls (D:5)
  6 adders
  An ufetubus (D:4)
  3 worms
  4 dart slugs
  9 orcs
  6 bats
  7 endoplasms
  4 giant cockroaches
  6 hobgoblins
  28 kobolds
  3 quokkas
  5 ball pythons
  3 frilled lizards (D:1)
  7 goblins
  7 rats
  A butterfly (D:6)
123 creatures vanquished.

Notes
Turn   | Place    | Note
-------+----------+-------------------------------------------
     0 | D:1      | fdsf the Hill Orc Berserker began the quest for the Orb.
     0 | D:1      | Reached XP level 1. HP: 19/19 MP: 1/1
   151 | D:1      | Reached XP level 2. HP: 18/27 MP: 2/2
   810 | D:2      | Found a snail-covered altar of Cheibriados.
   846 | D:2      | Reached skill level 4 in Unarmed Combat
   846 | D:2      | Reached XP level 3. HP: 26/33 MP: 3/3
   851 | D:2      | HP: 1/33 [rat (3)]
  1122 | D:2      | Reached XP level 4. HP: 31/40 MP: 4/4
  1125 | D:2      | Reached ** piety under Trog
  1696 | D:3      | Found Cupevup's Weapon Shop.
  1923 | D:3      | Noticed Natasha
  1934 | D:3      | Killed Natasha
  1988 | D:3      | Found a faded altar of an unknown god.
  1994 | D:3      | You fall into a shaft and drop 2 floors!
  1994 | D:5      | Entered Level 5 of the Dungeon
  2044 | D:5      | Reached skill level 5 in Unarmed Combat
  2044 | D:5      | Reached XP level 5. HP: 37/47 MP: 5/5
  2114 | D:5      | Gained mutation: Your mind is acute. (Int +4, Str/Dex -1)
                  | [potion of mutation]
  2114 | D:5      | Gained mutation: You are agile. (Dex +4, Str/Int -1)
                  | [potion of mutation]
  2114 | D:5      | Gained mutation: You possess an exceptional clarity of
                  | mind. [potion of mutation]
  2154 | D:5      | Noticed Eustachio
  2171 | D:5      | Noticed Grinder
  2182 | D:5      | Killed Grinder
  2183 | D:5      | Reached skill level 5 in Fighting
  2183 | D:5      | Reached XP level 6. HP: 36/56 MP: 6/6
  2321 | D:5      | Reached skill level 6 in Unarmed Combat
  2892 | D:4      | Found an ornate altar of the Wu Jian Council.
  2948 | D:4      | Reached XP level 7. HP: 61/61 MP: 7/7
  3577 | D:4      | Found a sacrificial altar of Ru.
  3933 | D:3      | Noticed Natasha
  3941 | D:3      | Killed Natasha
  4316 | D:5      | Identified the +1 scale mail of Uzysanom {rC- Str+6}
  4384 | D:5      | Reached skill level 7 in Unarmed Combat
  4884 | D:5      | Killed Eustachio
  5389 | D:6      | Reached XP level 8. HP: 63/71 MP: 8/8
  5454 | D:6      | Reached skill level 8 in Unarmed Combat
  5581 | D:6      | Noticed Pikel
  5804 | D:6      | Killed Pikel
  5838 | D:6      | Reached skill level 9 in Unarmed Combat
  5869 | D:6      | Found a shimmering altar of Xom.
  5951 | D:6      | HP: 3/109 [orc/+0 dagger (4)]
  5954 | D:6      | Slain by an orc wizard

Illustrated notes

Levels and vault maps discovered:
D:1:      minmay_arrival_checkered_box, layout_loops_ring, st_stairs_3,
          reono_crystal_passage, minmay_pentomino_v4
D:2:      layout_rooms, basic_altar
D:3:      layout_basic, serial_shops,
          nicolae_shop_temple_entry_statues_fountains,
          dreamdust_ecumenical_altar_grove, uniq_natasha
D:4:      layout_cave_pods, nzn_wu_jian_council_hall,
          nicolae_overflow_crystal_walls, kennysheep_generic_room_11
D:5:      kennysheep_kobold_camp, layout_loops_ring, uniq_eustachio,
          uniq_grinder
D:6:      layout_rooms, xom_butterflies, amcnicky_altar_gilded, uniq_pikel

Skill      XL: |  1  2  3  4  5  6  7  8 |
---------------+-------------------------+-----
Fighting       | 4 5 6 7 |  7.4
Dodging        | 2 3 4 |  4.7
Unarmed Combat | 4 5 6 7 9 |  9.1
Armour         | |  2.1

Action                     |  1- 3 |  4- 6 |  7- 9 || total
---------------------------+-------+-------+-------++-------
  Melee: Unarmed           |    86 |   163 |   217 ||   466
         Punch             |     2 |     2 |     3 ||     7
 Invoke: Berserk           |     3 |     5 |     5 ||    13
         Trog's Hand       |       |       |     2 ||     2
    Use: Potion            |     4 |     2 |     4 ||    10
         Scroll            |       |    13 |     3 ||    16
   Stab: Sleeping          |       |     1 |       ||     1
 Armour: Animal skin       |    45 |    43 |    35 ||   123
         Scale mail        |       |       |    30 ||    30
  Dodge: Dodged            |   100 |   134 |   160 ||   394
